 Dungeon Crawl Stone Soup version 0.24-a0-203-gf0bc1e94ae (webtiles) character file.

Game seed: 13304686217306353829

224 M4edhros the Sneak (level 6, 0/38 HPs)
             Began as an Octopode Artificer on Mar 27, 2019.
             Slain by a worker ant zombie (1 damage)
             ... on level 5 of the Dungeon.
             The game lasted 00:05:33 (970 turns).

M4edhros the Sneak (Octopode Artificer)              Turns: 970, Time: 00:05:34

Health: 0/38       AC:  1    Str: 11    XL:     6   Next: 0%
Magic:  10/10      EV: 13    Int: 14    God:
Gold:   67         SH:  0    Dex: 14    Spells: 5/5 levels left

rFire    . . .     SeeInvis .   h - +1 trident (venom)
rCold    . . .     Gourm    .   (no shield)
rNeg     . . .     Faith    .   (helmet restricted)
rPois    .         Spirit   .   (no amulet)
rElec    .         Reflect  .   (no ring)
rCorr    .         Harm     .   (no ring)
MR       .....                  (no ring)
Stlth    ++++......             (no ring)
HPRegen  0.12/turn              (no ring)
MPRegen  0.12/turn              (no ring)
                                (no ring)
                                (no ring)

@: lethally poisoned (0 -> -3)
A: almost no armour, stealthy swim, amphibious, 8 rings, constrict 8, camouflage
1, gelatinous body 1
a: no special abilities


You were on level 5 of the Dungeon.
You were not hungry.

You visited 1 branch of the dungeon, and saw 6 of its levels.

You collected 67 gold pieces.

Inventory:

Hand Weapons
 a - a +0 short sword
 h - a +1 trident of venom (weapon)
Wands
 b - a wand of flame (11)
 c - a wand of enslavement (7)
 d - a wand of random effects (11)
Scrolls
 g - 2 scrolls of teleportation
Potions
 e - 2 potions of flight
Comestibles
 f - 2 rations


   Skills:
 - Level 1.0 Fighting
 - Level 1.0 Short Blades
 - Level 2.0 Dodging
 + Level 5.8 Stealth
 + Level 5.5 Evocations


You had 5 spell levels left.
You didn't know any spells.
Your spell library was empty.

Dungeon Overview and Level Annotations

Branches:
Dungeon (6/15)
 Temple: D:4-7

Altars:
Cheibriados

Annotations:
D:5 2 runed translucent doors
D:6 kr4n3's ghost, novice DrFE


Innate Abilities, Weirdness & Mutations

You cannot wear most types of armour.
You are very stealthy in the water. (Stealth+)
You are amphibious.
You can wear up to eight rings at the same time.
You can use your tentacles to constrict eight enemies at once.
Your skin changes colour to match your surroundings (Stealth+).
Your rubbery body absorbs attacks. (AC +1, EV +1)


Message History

You feel sick.
You swap places.
* * * LOW HITPOINT WARNING * * *
You feel sick.
The worker ant zombie is no longer charmed.
* * * LOW HITPOINT WARNING * * *
You feel sick.
* * * LOW HITPOINT WARNING * * *
You feel sick.
* * * LOW HITPOINT WARNING * * *
You feel sick.
* * * LOW HITPOINT WARNING * * *
You feel sick.
* * * LOW HITPOINT WARNING * * *
You feel sick.
Okay, then.
As you read the scroll labeled NIMMOGIURI, it crumbles to dust.
The creatures around you are filled with an inner flame!
It was a scroll of immolation.
The worker ant zombie bites you.
You die...

.....##.#.
##...##### >....#
# ##......#
....## ###....#
......# ###..#
....##.. #..#
.......# #..#
#.##### #..# ##
#.############..#
#.....@Z........#
#################


You could see a worker ant zombie (inner flame).

Vanquished Creatures
  An ogre (D:4)
  An orc priest (D:5)
  An iguana (D:5)
  A worker ant (D:5)
  A gnoll (D:6)
  3 adders
  A shadow imp (D:5)
  2 worms
  A dart slug (D:1)
  A leopard gecko (D:5)
  An orc (D:5)
  A ball python (D:4)
  A goblin (D:3)
  A hobgoblin (D:1)
  A frilled lizard (D:2)
  A jackal skeleton (D:2)
19 creatures vanquished.

Vanquished Creatures (collateral kills)
  4 orcs
  A quokka (D:5)
5 creatures vanquished.

Vanquished Creatures (others)
  An orc priest (D:4)
  A gnoll (D:6)
2 creatures vanquished.

Grand Total: 26 creatures vanquished

Notes
Turn   | Place    | Note
-------+----------+-------------------------------------------
     0 | D:1      | M4edhros the Octopode Artificer began the quest for the
                  | Orb.
     0 | D:1      | Reached XP level 1. HP: 13/13 MP: 3/3
    53 | D:2      | Reached XP level 2. HP: 18/18 MP: 4/4
   180 | D:3      | Reached XP level 3. HP: 23/23 MP: 4/6
   194 | D:4      | Noticed an ogre
   215 | D:4      | Killed an ogre
   215 | D:4      | Reached XP level 4. HP: 27/28 MP: 7/7
   255 | D:4      | Noticed an ogre
   558 | D:5      | Entered Level 5 of the Dungeon
   564 | D:5      | Reached skill level 5 in Stealth
   564 | D:5      | Reached skill level 5 in Evocations
   564 | D:5      | Reached XP level 5. HP: 21/33 MP: 8/8
   641 | D:5      | Found a large runed translucent door.
   641 | D:5      | Found a large runed translucent door.
   643 | D:5      | Noticed kr4n3's ghost (novice DrFE)
   709 | D:6      | Noticed a sky beast
   746 | D:5      | Noticed a phantom
   838 | D:5      | Found a snail-covered altar of Cheibriados.
   956 | D:5      | Reached XP level 6. HP: 6/38 MP: 10/10
   965 | D:5      | HP: 1/38 [poisoned by a worker ant]
   970 | D:5      | Slain by a worker ant zombie

Levels and vault maps discovered:
D:1:      lightli_iron_boxes, layout_basic
D:2:      layout_basic, zin_statuary
D:3:      layout_loops_cross, uniq_jessica
D:4:      layout_basic, elyvilon_altar_4, first_ration
D:5:      layout_cave_pools, kennysheep_mini_moat, portal_sewer_entry_b,
          ebering_ghost_disaster_area, dk_noncrumbling_4, nicolae_sextant
D:6:      layout_loops_ring, minmay_temple_entry_mist, basic_altar,
          serial_shops, shop

Skill      XL: |  1  2  3  4 |
---------------+-------------+-----
Stealth        | 2 3 4 5 |  5.8
Evocations     | 4 5 |  5.5
Fighting       | |  1.0
Short Blades   | |  1.0
Dodging        | |  2.0

Action                   |  1- 3 |  4- 6 || total
-------------------------+-------+-------++-------
Melee: Short sword       |    26 |     8 ||    34
       Constrict         |     6 |     4 ||    10
       Tentacles         |     6 |     4 ||    10
       Trident           |       |     3 ||     3
       Unarmed           |       |     3 ||     3
Evoke: Wand              |     4 |    12 ||    16
  Use: Scroll            |       |     5 ||     5
       Potion            |       |     3 ||     3
 Stab: Sleeping          |     4 |     1 ||     5
Armor: Skin              |     1 |     1 ||     2
Dodge: Dodged            |    13 |     7 ||    20

Table legend:
 A = Non-vault XP
 B = Vault XP
 C = Vault XP percentage of total XP
 D = Non-vault monster count
 E = Vault monster count
 F = Vault count percentage of total count
                 A         B        C        D         E       F
            +---------+---------+-------+---------+---------+-------
      Total |     320 |       0 |   0.0 |      24 |       0 |   0.0
            +---------+---------+-------+---------+---------+-------
        D:1 |       6 |       0 |   0.0 |       2 |       0 |   0.0
        D:2 |       7 |       0 |   0.0 |       3 |       0 |   0.0
        D:3 |      33 |       0 |   0.0 |       4 |       0 |   0.0
        D:4 |     118 |       0 |   0.0 |       4 |       0 |   0.0
        D:5 |     143 |       0 |   0.0 |      10 |       0 |   0.0
        D:6 |      13 |       0 |   0.0 |       1 |       0 |   0.0
            +---------+---------+-------+---------+---------+-------
